[Event "Titled Tuesday Blitz March 08 Early 2022"]
[White "Mikhnenko, Alexander"]
[Black "Kouskoutis, Georgios-Alexandros"]
[WhiteFideId "34143014"]
[BlackFideId "4234049"]
[WhiteElo "2184"]
[BlackElo "2130"]
[Result "0-1"]
[Round "05"]
[TimeControl "180+1"]
[Date "2022.03.09"]
[WhiteClock "0:00:40"]
[BlackClock "0:00:06"]

1. e4 c5 2. Nf3 e6 3. Qe2 Nc6 4. g3 d5 5. exd5 Qxd5 6. Nc3 Qd8 7. Bg2 Nf6 8. O-O Be7 9. d3 O-O 10. Bg5 Bd7 11. Bxf6 Bxf6 12. Ne4 Be7 13. c3 Qc7 14. Rad1 Rfd8 15. d4 cxd4 16. cxd4 Be8 17. a3 h6 18. Qe3 Rac8 19. b4 a6 20. Nc5 a5 21. Rb1 axb4 22. axb4 b6 23. Na6 Qd6 24. Rfd1 Bf6 25. b5 Ne7 26. Ne5 Bxe5 27. dxe5 Qxd1+ 28. Rxd1 Rxd1+ 29. Bf1 Bxb5 30. Nb4 Bxf1 31. h4 Nd5 32. Nxd5 Bc4+ 33. Kh2 Bxd5 34. g4 b5 35. f4 b4 36. g5 Rc2+ 0-1


[Site "https://www.chess.com"]

[Event "Titled Tuesday Blitz March 08 Early 2022"]
[White "Mitusov, Semen"]
[Black "Sargissyan, Sargis"]
[WhiteFideId "14151049"]
[BlackFideId "13303210"]
[WhiteElo "2265"]
[BlackElo "2174"]
[Result "1-0"]
[Round "05"]
[TimeControl "180+1"]
[Date "2022.03.09"]
[WhiteClock "0:00:33"]
[BlackClock "0:00:04"]

1. e4 e5 2. Nf3 Nc6 3. Bc4 Bc5 4. c3 Nf6 5. d4 exd4 6. O-O Nxe4 7. cxd4 d5 8. dxc5 dxc4 9. Qxd8+ Nxd8 10. Re1 f5 11. Nc3 O-O 12. Nxe4 fxe4 13. Rxe4 Be6 14. Be3 Bd5 15. Re7 Bxf3 16. gxf3 Rf7 17. Re8+ Rf8 18. Re7 Rf7 19. Re4 Rxf3 20. Rd1 Nc6 21. Rxc4 Re8 22. b4 Rf6 23. b5 Ne5 24. Ra4 a6 25. bxa6 Rxa6 26. Rxa6 bxa6 27. Bf4 Kf7 28. Kg2 Kf6 29. Re1 g5 30. Bg3 Re6 31. Re4 Nd3 32. Rxe6+ Kxe6 33. c6 Ne5 34. Kf1 Kd5 35. Ke2 h5 36. Ke3 h4 37. Bxe5 Kxe5 38. Kf3 Kf5 39. h3 Ke5 40. Kg4 Kd5 41. Kxg5 Kxc6 42. f4 Kd7 43. Kg6 Ke8 44. Kg7 c5 45. f5 c4 46. f6 c3 47. f7+ Kd7 48. f8=Q c2 49. Qf1 1-0


[Site "https://www.chess.com"]

[Event "Titled Tuesday Blitz March 08 Early 2022"]
[White "Mohammad Fahad, Rahman"]
[Black "Hess, Max"]
[WhiteFideId "10207791"]
[BlackFideId "24656666"]
[WhiteElo "2323"]
[BlackElo "2276"]
[Result "0-1"]
[Round "05"]
[TimeControl "180+1"]
[Date "2022.03.09"]
[WhiteClock "0:00:15"]
[BlackClock "0:00:23"]

1. Nf3 d5 2. b3 Nf6 3. Bb2 e6 4. e3 Bd6 5. d4 O-O 6. Bd3 b6 7. O-O Bb7 8. c4 Nbd7 9. Nc3 a6 10. Qe2 Ne4 11. Bxe4 dxe4 12. Nd2 f5 13. f3 exf3 14. Nxf3 Nf6 15. Rad1 Qe8 16. d5 exd5 17. Nxd5 Nxd5 18. cxd5 Qe7 19. Nd4 Qe5 20. Nf3 Qe4 21. Rd4 Qe7 22. Kh1 Rae8 23. Rd3 a5 24. Nd4 Ba6 25. Nxf5 Rxf5 26. Rxf5 Bxd3 27. Qxd3 Qxe3 28. Qf1 Qe1 29. Bd4 Qxf1+ 30. Rxf1 Re2 31. Bf2 Rd2 32. g4 Rxa2 33. Kg2 Bc5 34. Kf3 Rxf2+ 35. Rxf2 Bxf2 36. Kxf2 Kf8 37. Ke3 Ke7 38. Kd4 Kd6 39. g5 c6 40. dxc6 Kxc6 41. h4 b5 42. h5 Kd6 43. h6 g6 44. Ke4 Ke6 45. Kd4 a4 46. bxa4 bxa4 47. Kc4 Kf5 48. Kb4 Kxg5 49. Kxa4 Kxh6 50. Kb3 Kg5 51. Kc2 Kg4 52. Kd2 Kg3 53. Ke3 h5 54. Ke2 Kg2 55. Ke3 h4 56. Kf4 h3 57. Kg5 h2 58. Kxg6 h1=Q 59. Kg5 Qh3 60. Kf4 Qf3+ 61. Ke5 Kg3 62. Kd4 Qf5 63. Ke3 Qe5+ 64. Kd2 Kf3 65. Kd3 Qd5+ 66. Kc3 Ke3 67. Kb4 Qc6 68. Ka5 Qb7 69. Ka4 Kd3 70. Ka3 Kc3 71. Ka2 Qb2# 0-1


[Site "https://www.chess.com"]

[Event "Titled Tuesday Blitz March 08 Early 2022"]
[White "Molina, Roberto Junio Brito"]
[Black "Maevsky, Nikolay"]
[WhiteFideId "2109450"]
[BlackFideId "4198220"]
[WhiteElo "2432"]
[BlackElo "2126"]
[Result "0-1"]
[Round "05"]
[TimeControl "180+1"]
[Date "2022.03.08"]
[WhiteClock "0:00:02"]
[BlackClock "0:00:03"]

1. d4 d5 2. c4 Nc6 3. cxd5 Qxd5 4. e3 e5 5. Nc3 Bb4 6. Bd2 Bxc3 7. Bxc3 exd4 8. Ne2 Nf6 9. Nxd4 O-O 10. Qb3 Nxd4 11. Bxd4 Qxb3 12. axb3 Be6 13. Bc4 Nd5 14. O-O a6 15. Ra5 Rad8 16. Rc1 c6 17. f3 Rfe8 18. Kf2 f5 19. Rd1 Kf7 20. Raa1 g5 21. h4 g4 22. Rac1 gxf3 23. gxf3 Rg8 24. Rg1 Nb4 25. Ke2 Nd5 26. Rcf1 Rde8 27. e4 Nf4+ 28. Ke3 Bxc4 29. bxc4 Nh5 30. e5 f4+ 31. Kf2 Ng3 32. Re1 Ke6 33. Bc3 Rd8 34. Rd1 Rxd1 35. Rxd1 Nf5 36. h5 Rg5 37. Rh1 Ng3 38. Rh4 Nxh5 39. Ke2 Kf5 40. Kf2 h6 41. b3 b5 42. Bd4 a5 43. cxb5 cxb5 44. Bc3 a4 45. bxa4 bxa4 46. Rh1 Kg6 47. Ra1 Ng7 48. Rxa4 Rh5 49. Rxf4 Nf5 50. e6 Rh2+ 51. Ke1 Rc2 52. Rg4+ Kh5 53. Bf6 Rc6 54. Re4 Kg6 55. e7 Nd6 56. Bh4 Kf7 0-1


[Site "https://www.chess.com"]

[Event "Titled Tuesday Blitz March 08 Early 2022"]
[White "Moroni, Luca Jr"]
[Black "Svane, Frederik"]
[WhiteFideId "865834"]
[BlackFideId "12923044"]
[WhiteElo "2896"]
[BlackElo "2802"]
[Result "1-0"]
[Round "05"]
[TimeControl "180+1"]
[Date "2022.03.08"]
[WhiteClock "0:00:05"]
[BlackClock "0:00:01"]

1. d4 Nf6 2. c4 e6 3. Nc3 Bb4 4. Nf3 O-O 5. Bg5 h6 6. Bh4 b6 7. e3 Bb7 8. Bd3 g5 9. Bg3 Ne4 10. Qc2 f5 11. Nd2 Bxc3 12. bxc3 Nxd2 13. Qxd2 d6 14. f3 Nd7 15. h4 Qf6 16. hxg5 hxg5 17. O-O-O Kg7 18. e4 f4 19. e5 dxe5 20. Rh7+ Kg8 21. Rxd7 e4 22. fxe4 fxg3 23. e5 Qf4 24. Bh7+ Kh8 25. Rh1 Bxg2 26. Rh6 Rae8 27. Bf5+ Kg8 28. Bh7+ Kh8 29. Qxf4 gxf4 30. Be4+ Kg8 31. Bh7+ Kh8 32. Be4+ Kg8 33. Bxg2 f3 34. Rg6+ Kh8 35. Rh6+ Kg8 36. Rhh7 Rf4 37. Rdg7+ Kf8 38. Rxg3 fxg2 39. Rxg2 Rf7 40. Rxf7+ Kxf7 41. Rh2 Kg6 42. Kc2 Rf8 43. Kb3 a6 44. Kb4 Rf1 45. Rg2+ Kf7 46. Rh2 Rb1+ 47. Ka3 Kg7 48. Rf2 b5 49. cxb5 Rxb5 50. Rf6 Rb6 51. Ka4 Rc6 52. Kb4 Rb6+ 53. Kc5 a5 54. a4 Ra6 55. Kb5 Rb6+ 56. Kxa5 Kg8 57. c4 Kg7 58. c5 Rb1 59. Rxe6 Rd1 60. Re7+ Kg6 61. Rxc7 Rxd4 62. c6 Kf5 63. Rd7 Rc4 64. c7 Kxe5 65. Kb6 Ke6 66. Rd1 Rb4+ 67. Kc6 Rc4+ 68. Kb7 Rb4+ 69. Kc8 Rxa4 70. Kd8 Rh4 71. c8=Q+ 1-0


[Site "https://www.chess.com"]

[Event "Titled Tuesday Blitz March 08 Early 2022"]
[White "Moskvin, Anatoly"]
[Black "Einarsson, Halldor Gretar"]
[WhiteFideId "24199990"]
[BlackFideId "2300150"]
[WhiteElo "2079"]
[BlackElo "2114"]
[Result "1-0"]
[Round "05"]
[TimeControl "180+1"]
[Date "2022.03.09"]
[WhiteClock "0:00:05"]
[BlackClock "0:00:08"]

1. e4 e5 2. Nf3 Nc6 3. Bc4 Bc5 4. c3 Nf6 5. d3 d6 6. a4 a5 7. Bb3 O-O 8. Nbd2 h6 9. h3 Nh5 10. d4 exd4 11. cxd4 Ba7 12. O-O Nf4 13. Nc4 Qf6 14. e5 dxe5 15. dxe5 Qf5 16. Bc2 Nxh3+ 17. gxh3 Qxh3 18. Nh2 Nd4 19. Be4 Be6 20. Ne3 Rad8 21. Bd2 Qh4 22. Bg2 Bh3 23. Bxh3 Qxh3 24. Qg4 Qxg4+ 25. Nexg4 Nf3+ 26. Nxf3 Rd3 27. Be3 Rb3 28. Bxa7 Rxb2 29. Bd4 Re2 30. Ne3 Rd2 31. Nxd2 Rd8 32. Nb3 Rxd4 33. Nxd4 c5 34. Ndf5 1-0


[Site "https://www.chess.com"]

[Event "Titled Tuesday Blitz March 08 Early 2022"]
[White "Nazari, Arad"]
[Black "Babazada, Khazar"]
[WhiteFideId "12577324"]
[BlackFideId "13413554"]
[WhiteElo "2120"]
[BlackElo "2418"]
[Result "1-0"]
[Round "05"]
[TimeControl "180+1"]
[Date "2022.03.08"]
[WhiteClock "0:00:19"]
[BlackClock "0:00:17"]

1. e4 Nf6 2. e5 Nd5 3. d4 d6 4. c4 Nb6 5. f4 dxe5 6. fxe5 Bf5 7. Nc3 e6 8. Be3 Be7 9. Be2 O-O 10. Nf3 f6 11. O-O Nc6 12. b3 Qe8 13. Qe1 fxe5 14. Nxe5 Nxe5 15. dxe5 Rd8 16. Nb5 a6 17. Nd4 Qg6 18. Nxf5 exf5 19. Bf3 f4 20. Bf2 Nd7 21. Bxb7 Nc5 22. Bf3 Nd3 23. Qe2 Nxf2 24. Qxf2 Rd3 25. Kh1 Rfd8 26. Rae1 c6 27. Be4 1-0


[Site "https://www.chess.com"]

[Event "Titled Tuesday Blitz March 08 Early 2022"]
[White "Necula, Iulian"]
[Black "Matveeva, Olga"]
[WhiteFideId "1232380"]
[BlackFideId "24107018"]
[WhiteElo "1776"]
[BlackElo "2083"]
[Result "1-0"]
[Round "05"]
[TimeControl "180+1"]
[Date "2022.03.09"]
[WhiteClock "0:01:09"]
[BlackClock "0:01:28"]

1. b4 d5 2. Bb2 e6 3. b5 Nf6 4. a4 Be7 5. Nf3 O-O 6. e3 c5 7. c4 Nbd7 8. d4 b6 9. Be2 dxc4 10. Bxc4 Bb7 11. O-O Rc8 12. Be2 cxd4 13. Nxd4 Ne4 14. Bf3 Ndc5 15. Ba3 Bd5 16. Bb4 Bf6 17. Nd2 Nxd2 18. Bxd5 Nxf1 19. Bf3 Nxe3 20. fxe3 Qd6 21. Rc1 Qe5 22. Qe2 Bg5 23. Re1 Rfd8 24. Nc6 Rd7 25. Nxe5 1-0


[Site "https://www.chess.com"]

[Event "Titled Tuesday Blitz March 08 Early 2022"]
[White "Obad, Andrija"]
[Black "P., Komal Kishore"]
[WhiteFideId "14412276"]
[BlackFideId "5016703"]
[WhiteElo "2270"]
[BlackElo "2141"]
[Result "1-0"]
[Round "05"]
[TimeControl "180+1"]
[Date "2022.03.09"]
[WhiteClock "0:00:08"]
[BlackClock "0:00:01"]

1. e4 c6 2. d4 d5 3. Nd2 dxe4 4. Nxe4 Bf5 5. Ng3 Bg6 6. Nh3 e6 7. Nf4 Bd6 8. h4 Nf6 9. h5 Bxf4 10. Bxf4 Bf5 11. Nxf5 Qa5+ 12. c3 Qxf5 13. Bd6 Ne4 14. Bg3 Nxg3 15. fxg3 Qg5 16. Qf3 Nd7 17. Bd3 Nf6 18. O-O Qxh5 19. Qf4 O-O 20. Qh4 Qg4 21. Bxh7+ Kh8 22. Bc2+ Qxh4 23. gxh4 Rfd8 24. Rae1 Rac8 25. Re5 Kg8 26. Bb3 b6 27. Rg5 Nd5 28. Rg3 Ne7 29. h5 c5 30. dxc5 Rxc5 31. h6 Nf5 32. Rxf5 Rxf5 33. Rxg7+ Kf8 34. g4 Re5 35. Kf2 Rd2+ 36. Kf3 Ree2 37. g5 Rg2 38. Ba4 Rdf2+ 39. Ke4 Rf5 40. Rh7 Rfxg5 41. Rh8+ Ke7 42. Re8+ Kf6 43. h7 Rh5 44. h8=Q+ Rxh8 45. Rxh8 Rxb2 46. Bb3 a5 47. Kd3 a4 48. Bxa4 Rxa2 49. Be8 Ke7 50. Bc6 Ra5 51. Be4 Rc5 52. Rh7 Kf6 53. Bf3 e5 54. Bh5 Rc7 55. Bf3 Ke7 56. Bd5 Kf6 57. c4 Rd7 58. Rh6+ Ke7 59. Rxb6 Rc7 60. Ke4 f6 61. Kf5 Ra7 62. Re6+ Kd7 63. Rxf6 Ra3 64. Rf7+ Kd6 65. Rf6+ Kc5 66. Kxe5 Re3+ 67. Kf4 Re1 68. Rc6+ Kd4 69. Kf5 Rc1 70. Ke6 Rc2 71. Kd6 Rc3 72. Rc8 Rh3 73. Re8 Rh5 74. Re4+ Kc3 75. Rg4 Rh6+ 76. Be6 Kb4 77. c5+ 1-0


[Site "https://www.chess.com"]

[Event "Titled Tuesday Blitz March 08 Early 2022"]
[White "Odegov, Artem"]
[Black "Hambleton, Aman"]
[WhiteFideId "34183644"]
[BlackFideId "2606577"]
[WhiteElo "2286"]
[BlackElo "2552"]
[Result "1-0"]
[Round "05"]
[TimeControl "180+1"]
[Date "2022.03.09"]
[WhiteClock "0:00:07"]
[BlackClock "0:00:02"]

1. d4 Nf6 2. c4 e6 3. Nf3 b6 4. g3 Ba6 5. b3 Bb4+ 6. Bd2 c5 7. Bxb4 cxb4 8. Bg2 Bb7 9. O-O a5 10. Nbd2 d6 11. Qc2 Nbd7 12. e4 e5 13. Rad1 O-O 14. Rfe1 Re8 15. c5 bxc5 16. dxe5 dxe5 17. Nc4 Qc7 18. Nd6 Red8 19. Ng5 Rf8 20. Bh3 Nb6 21. Ngxf7 Rxf7 22. Be6 Rf8 23. Rd2 Bc8 24. Bxf7+ Rxf7 25. Nxf7 Kxf7 26. Rc1 c4 27. bxc4 Qc5 28. Qd3 Be6 29. Qd6 Qxd6 30. Rxd6 Na4 31. Ra6 Nc3 32. Rc2 Nfxe4 33. Rxa5 Bxc4 34. Rxe5 Nxa2 35. Rxe4 b3 36. Rexc4 bxc2 37. Rxc2 Nb4 38. Rc7+ Kf6 39. Rb7 Nd5 40. Kg2 Nc3 41. Rb3 Ne4 42. Rb4 Nc5 43. Rb6+ Kf7 44. Rb5 Nd3 45. Rd5 Nb4 46. Rd4 Nc6 47. Ra4 Ne5 48. f4 Nd3 49. Kf3 Nc5 50. Ra7+ Kf6 51. g4 h6 52. h4 Nb3 53. Ra6+ Kf7 54. f5 Nd4+ 55. Ke4 Nb3 56. Rb6 Nc5+ 57. Kd5 Nd3 58. g5 hxg5 59. hxg5 Nf4+ 60. Ke4 Ne2 61. Rb7+ Kf8 62. Ke5 Nc3 63. Ke6 Kg8 64. g6 Ne4 65. Rb8# 1-0


[Site "https://www.chess.com"]

[Event "Titled Tuesday Blitz March 08 Early 2022"]
[White "Omelja, Artem"]
[Black "Komiagina, Maria"]
[WhiteFideId "14119846"]
[BlackFideId "4153987"]
[WhiteElo "2382"]
[BlackElo "1945"]
[Result "1-0"]
[Round "05"]
[TimeControl "180+1"]
[Date "2022.03.09"]
[WhiteClock "0:00:10"]
[BlackClock "0:00:47"]

1. d4 Nf6 2. c4 e6 3. Nf3 Bb4+ 4. Bd2 c5 5. Bxb4 cxb4 6. e3 O-O 7. Bd3 d6 8. O-O Nc6 9. Nbd2 Qe7 10. Qc2 h6 11. Rfe1 e5 12. d5 Nb8 13. a3 bxa3 14. Rxa3 Bg4 15. Bf1 Nbd7 16. b4 Rfc8 17. Qb3 e4 18. Nd4 Ne5 19. Rea1 b6 20. Nb5 a5 21. bxa5 bxa5 22. Rxa5 Rxa5 23. Rxa5 Ned7 24. Ra7 Qe5 25. Qc3 Qh5 26. Nxd6 Rb8 27. N6xe4 Nxe4 28. Nxe4 Ne5 29. Ng3 1-0


[Site "https://www.chess.com"]

[Event "Titled Tuesday Blitz March 08 Early 2022"]
[White "Oparin, Grigoriy"]
[Black "Bachmann, Axel"]
[WhiteFideId "24125890"]
[BlackFideId "3700488"]
[WhiteElo "2921"]
[BlackElo "2817"]
[Result "1-0"]
[Round "05"]
[TimeControl "180+1"]
[Date "2022.03.08"]
[WhiteClock "0:00:07"]
[BlackClock "0:00:39"]

1. d4 Nf6 2. Nf3 b6 3. g3 Bb7 4. c4 g6 5. Bg2 Bg7 6. O-O O-O 7. Re1 e6 8. Bf4 Na6 9. a3 c5 10. dxc5 Nxc5 11. Nc3 Nfe4 12. Nxe4 Bxe4 13. b4 Nb7 14. Rc1 Bb2 15. Qd2 Bxc1 16. Rxc1 d5 17. c5 bxc5 18. bxc5 Qa5 19. Qe3 Rac8 20. c6 Nd8 21. c7 Nb7 22. h4 f6 23. Qb3 Qb6 24. Qa4 e5 25. Be3 d4 26. Bh6 Bxf3 27. Bxf3 Rf7 28. Bd5 Rxc7 29. Qe8# 1-0


[Site "https://www.chess.com"]

[Event "Titled Tuesday Blitz March 08 Early 2022"]
[White "Paravyan, David"]
[Black "Kosteniuk, Alexandra"]
[WhiteFideId "4194985"]
[BlackFideId "4128125"]
[WhiteElo "2569"]
[BlackElo "2469"]
[Result "1-0"]
[Round "05"]
[TimeControl "180+1"]
[Date "2022.03.08"]
[WhiteClock "0:01:05"]
[BlackClock "0:00:24"]

1. e4 e5 2. Nf3 Nc6 3. Nc3 Nf6 4. d4 exd4 5. Nxd4 Bb4 6. Nxc6 bxc6 7. Bd3 O-O 8. O-O d5 9. exd5 cxd5 10. Bg5 Rb8 11. Bxf6 Qxf6 12. Nxd5 Qd6 13. c3 Bc5 14. b4 Bb7 15. Be4 Bxd5 16. bxc5 Qxc5 17. Qxd5 1-0


[Site "https://www.chess.com"]

[Event "Titled Tuesday Blitz March 08 Early 2022"]
[White "Pershin, Denis"]
[Black "Marson, Juan Miguel"]
[WhiteFideId "24165506"]
[BlackFideId "106585"]
[WhiteElo "2275"]
[BlackElo "2053"]
[Result "0-1"]
[Round "05"]
[TimeControl "180+1"]
[Date "2022.03.09"]
[WhiteClock "0:00:01"]
[BlackClock "0:00:03"]

1. d4 Nf6 2. c4 g6 3. Nc3 Bg7 4. e4 d6 5. Nf3 O-O 6. h3 e5 7. Be3 exd4 8. Nxd4 Nc6 9. Nc2 Re8 10. Bd3 Nxe4 11. Nxe4 f5 12. Nc3 f4 13. O-O fxe3 14. Nxe3 Qg5 15. Kh1 Qh4 16. Bc2 Bxh3 17. gxh3 Qxh3+ 18. Kg1 Re5 19. Ne4 Rh5 20. Qd5+ Rxd5 21. Nxd5 Ne5 22. Nd2 Ng4 23. Nf3 Qxf3 24. Bd1 Qh3 25. Bxg4 Qxg4+ 26. Kh2 Be5+ 27. f4 Qh4+ 28. Kg2 Qg4+ 29. Kh2 Qe2+ 30. Kg3 Bxb2 31. Rae1 Qxc4 32. Ne7+ Kh8 33. Re3 Qf7 34. f5 gxf5 35. Rxf5 Rg8+ 36. Kf3 Qg7 37. Nxg8 Qxg8 38. Re7 Be5 39. Rff7 Qg3+ 40. Ke4 Qg2+ 41. Ke3 Qg3+ 42. Ke4 Qe1+ 43. Kd3 Qc3+ 44. Ke2 Qc2+ 45. Kf3 Kg8 46. Rd7 Qd3+ 47. Kg2 Qc2+ 48. Rf2 Qe4+ 0-1


[Site "https://www.chess.com"]

[Event "Titled Tuesday Blitz March 08 Early 2022"]
[White "Pinheiro, Iung Alicio de O."]
[Black "Majella, Rudijanto"]
[WhiteFideId "2104350"]
[BlackFideId "7100680"]
[WhiteElo "2560"]
[BlackElo "2252"]
[Result "1-0"]
[Round "05"]
[TimeControl "180+1"]
[Date "2022.03.09"]
[WhiteClock "0:00:14"]
[BlackClock "0:00:17"]

1. c4 e5 2. g3 Nf6 3. Bg2 Nc6 4. Nc3 Bc5 5. a3 a6 6. e3 d6 7. Nge2 O-O 8. h3 Ba7 9. O-O Be6 10. Nd5 Bxd5 11. cxd5 Ne7 12. d4 Nexd5 13. Qb3 c6 14. dxe5 dxe5 15. Qxb7 Qb6 16. Qxb6 Bxb6 17. b3 Rab8 18. Bb2 Bc7 19. Nc1 Rfd8 20. Ra2 Ne7 21. Ba1 Rd7 22. Rc2 e4 23. Bxf6 gxf6 24. Bxe4 Nd5 25. Rxc6 Be5 26. Nd3 Ne7 27. Nxe5 fxe5 28. Rc3 f5 29. Bd3 Kg7 30. Bxa6 Ra7 31. Bc4 Rxa3 32. Rd1 Rb7 33. Rcd3 Raa7 34. Rd6 Rc7 35. Re6 Ng6 36. h4 Re7 37. Rc6 Rad7 38. Rdd6 Rxd6 39. Rxd6 h5 40. b4 f4 41. e4 fxg3 42. fxg3 Rc7 43. Bd5 Rc3 44. Kf2 Rc2+ 45. Ke3 Rc3+ 46. Kf2 Rc2+ 47. Ke1 Rc3 48. b5 Rxg3 49. b6 Nf4 50. b7 Rg1+ 51. Kd2 Rb1 52. Rd8 Nxd5 53. b8=Q Rxb8 54. Rxb8 Nf6 55. Ke3 Ng4+ 56. Kf3 Nf6 57. Rb5 Ng4 58. Rb6 Nf6 59. Re6 Ng4 60. Ra6 Nf6 61. Ke3 Ng4+ 62. Kd3 Nf2+ 63. Ke3 Ng4+ 64. Kf3 Nf6 65. Ra4 Kg6 66. Ra1 Ng4 67. Rg1 Kh6 68. Rxg4 hxg4+ 69. Kxg4 Kg6 70. h5+ Kf6 71. h6 Kg6 72. h7 Kxh7 73. Kf5 Kg7 74. Kxe5 Kf7 75. Kd6 Ke8 76. Ke6 Kf8 77. Kd7 Kf7 78. e5 Kf8 79. e6 Kg7 80. e7 Kh8 81. e8=Q+ Kg7 82. Qe5+ Kh7 83. Qf6 Kg8 84. Qe7 Kh8 85. Ke6 Kg8 86. Kf6 Kh8 87. Qg7# 1-0


[Site "https://www.chess.com"]

[Event "Titled Tuesday Blitz March 08 Early 2022"]
[White "Politov, Pavel Y."]
[Black "Mohammed, Dilshad"]
[WhiteFideId "24110515"]
[BlackFideId "5050421"]
[WhiteElo "2090"]
[BlackElo "2109"]
[Result "1-0"]
[Round "05"]
[TimeControl "180+1"]
[Date "2022.03.09"]
[WhiteClock "0:00:12"]
[BlackClock "0:00:10"]

1. e4 e5 2. Nf3 Nc6 3. Bc4 Nf6 4. d3 Be7 5. O-O O-O 6. c3 d6 7. Bb3 Na5 8. Bc2 c5 9. a4 Nc6 10. Na3 a6 11. Bd2 Bg4 12. b4 cxb4 13. cxb4 Nd4 14. Be3 Nxf3+ 15. gxf3 Bh3 16. Re1 Nh5 17. Kh1 Bg5 18. Rg1 Bf4 19. Nc4 Qh4 20. Qe2 Bxh2 21. Bg5 Bg2+ 22. Rxg2 Nf4 23. Bxh4 Nxe2 24. Kxh2 Nd4 25. Bd1 f5 26. Nxd6 fxe4 27. fxe4 Rf4 28. Bg3 Rf6 29. Nf5 Nxf5 30. exf5 Rxf5 31. Bg4 Rf6 32. Bxe5 Rh6+ 33. Kg1 Re8 34. f4 g6 35. Rc1 Rh4 36. Rc8 Rxc8 37. Bxc8 Kf7 38. Bxb7 Ke6 39. Bxa6 1-0


[Site "https://www.chess.com"]

[Event "Titled Tuesday Blitz March 08 Early 2022"]
[White "Polster, Christian"]
[Black "Derige Kane, Yan"]
[WhiteFideId "12965081"]
[BlackFideId "20665431"]
[WhiteElo "2281"]
[BlackElo "2169"]
[Result "0-1"]
[Round "05"]
[TimeControl "180+1"]
[Date "2022.03.09"]
[WhiteClock "0:00:01"]
[BlackClock "0:01:25"]

1. e4 Nf6 2. e5 Ng8 3. Bc4 d6 4. Nf3 Nc6 5. d4 dxe5 6. d5 e4 7. Ng5 Ne5 8. Bb3 Bf5 9. Bf4 Ng6 10. Bg3 h6 11. Nxf7 Kxf7 12. Qh5 Qd7 13. d6+ Ke8 14. dxc7 e6 15. Nc3 Nf6 16. Qe2 Bb4 17. Rd1 Qc6 18. Bc4 a6 19. O-O Bxc3 20. bxc3 Kf7 21. Rd6 Qc5 22. Rfd1 Bg4 23. Qe1 Bxd1 0-1


[Site "https://www.chess.com"]

[Event "Titled Tuesday Blitz March 08 Early 2022"]
[White "Popadic, Dragan"]
[Black "Spata, German"]
[WhiteFideId "913650"]
[BlackFideId "113026"]
[WhiteElo "2222"]
[BlackElo "2238"]
[Result "0-1"]
[Round "05"]
[TimeControl "180+1"]
[Date "2022.03.09"]
[WhiteClock "0:00:01"]
[BlackClock "0:00:16"]

1. e4 e6 2. Nf3 d5 3. e5 c5 4. b4 c4 5. c3 a5 6. b5 a4 7. Na3 Nd7 8. d3 cxd3 9. Bxd3 Qc7 10. O-O Nxe5 11. Re1 Nxd3 12. Qxd3 Nf6 13. Rb1 Bd6 14. b6 Qe7 15. Nb5 O-O 16. c4 Bd7 17. Nxd6 Qxd6 18. Ba3 Qf4 19. Bxf8 dxc4 20. Bd6 Qg4 21. Qd4 Qh5 22. Ne5 Be8 23. Qxc4 Nd5 24. Qg4 Qh6 25. Rbc1 Qd2 26. Qe2 Qg5 27. Nf3 Qg4 28. Qe4 Qh5 29. Rcd1 Bc6 30. Qh4 Qf5 31. Ne5 Be8 32. Qe4 Qxe4 33. Rxe4 Nc3 34. Ree1 Nxd1 35. Rxd1 f6 36. Nf3 Bc6 37. Bc7 a3 38. Rd8+ Rxd8 39. Bxd8 Bd5 40. Be7 Bxa2 41. Bxa3 e5 42. Bd6 Kf7 43. Bc7 Ke6 44. Kf1 Bc4+ 45. Ke1 g5 46. Nd2 Bd5 47. f3 h5 48. Ke2 g4 49. Ke3 f5 50. Nb1 Bc6 51. Nc3 h4 52. fxg4 Bxg2 0-1


[Site "https://www.chess.com"]

[Event "Titled Tuesday Blitz March 08 Early 2022"]
[White "Proudian, Armen"]
[Black "Bluebaum, Matthias"]
[WhiteFideId "2130734"]
[BlackFideId "24651516"]
[WhiteElo "2623"]
[BlackElo "2851"]
[Result "0-1"]
[Round "05"]
[TimeControl "180+1"]
[Date "2022.03.08"]
[WhiteClock "0:00:15"]
[BlackClock "0:00:14"]

1. e4 c6 2. d4 d5 3. Nc3 dxe4 4. Nxe4 Nf6 5. Nxf6+ exf6 6. c3 Bd6 7. Bd3 O-O 8. Ne2 Re8 9. Qc2 h5 10. Be3 Nd7 11. g4 hxg4 12. O-O-O Nf8 13. Rdg1 Be6 14. h3 Bd5 15. hxg4 Bxh1 16. Rxh1 g6 17. Qd1 Ne6 18. Qf1 Ng5 19. Bd2 Kg7 20. f4 Ne4 21. Qh3 Rh8 22. Qxh8+ Qxh8 23. Rxh8 Rxh8 24. Bxe4 Rh2 25. Bd3 Rg2 26. g5 fxg5 27. fxg5 Be7 28. Nf4 Rg3 29. d5 cxd5 30. Kc2 Bxg5 31. Ne2 Rg2 32. Bxg5 Rxg5 33. Kd2 Kf6 34. Ke3 Ke5 35. Nd4 Rh5 36. Nf3+ Kd6 37. b3 f5 38. c4 dxc4 39. Bxc4 Ke7 40. Kf4 Kf6 41. Ke3 g5 42. Bd5 g4 43. Nd4 Ke5 44. Bxb7 Rh3+ 45. Nf3+ gxf3 46. Bxf3 f4+ 47. Kf2 Kd4 48. Bg2 Rc3 49. Bf1 Rc2+ 50. Kf3 Rxa2 51. Kxf4 Rf2+ 0-1


[Site "https://www.chess.com"]

[Event "Titled Tuesday Blitz March 08 Early 2022"]
[White "Rastbod, Ali"]
[Black "Jaskolka, Tomasz"]
[WhiteFideId "12567477"]
[BlackFideId "1170791"]
[WhiteElo "2200"]
[BlackElo "2073"]
[Result "1-0"]
[Round "05"]
[TimeControl "180+1"]
[Date "2022.03.09"]
[WhiteClock "0:01:01"]
[BlackClock "0:00:04"]

1. c4 Nf6 2. Nc3 e6 3. e4 d5 4. e5 d4 5. exf6 dxc3 6. bxc3 Qxf6 7. d4 c5 8. Nf3 Nc6 9. Bg5 Qg6 10. Bd3 Qh5 11. h3 f6 12. Be3 e5 13. d5 Nd8 14. Qc2 b6 15. a4 Nb7 16. Nd2 Bd6 17. Ne4 f5 18. Ng3 Qf7 19. Bxf5 Bxf5 20. Qxf5 Qxf5 21. Nxf5 g6 22. Ng7+ Kf7 23. Ne6 Na5 24. Ke2 Nxc4 25. Kd3 Na5 26. Ke4 Rhe8 27. h4 h5 28. f3 a6 29. g4 Rec8 30. Rhg1 hxg4 31. fxg4 b5 32. h5 b4 33. Raf1+ Kg8 34. hxg6 bxc3 35. Rf7 Bf8 36. Rh1 Nc4 37. Rfh7 Nd6+ 38. Kxe5 Nc4+ 39. Ke4 Nd6+ 40. Kf3 Bg7 41. Rxg7# 1-0


[Site "https://www.chess.com"]

[Event "Titled Tuesday Blitz March 08 Early 2022"]
[White "Roman, Rodrigo"]
[Black "Orlov, Georgi"]
[WhiteFideId "3701220"]
[BlackFideId "2011271"]
[WhiteElo "2001"]
[BlackElo "2530"]
[Result "0-1"]
[Round "05"]
[TimeControl "180+1"]
[Date "2022.03.09"]
[WhiteClock "0:02:05"]
[BlackClock "0:02:12"]

1. e4 d6 2. d4 Nf6 3. Nc3 c6 4. f3 Qb6 5. Bc4 e6 6. Nge2 d5 7. Bb3 Be7 8. Bf4 O-O 9. Qd2 a5 10. g4 dxe4 11. Nxe4 a4 12. Bc4 Nxe4 13. fxe4 Qxb2 14. Qc1 Qb4+ 15. Qd2 Qxc4 16. O-O c5 17. d5 exd5 18. exd5 Bxg4 19. Ng3 Bf6 20. Rab1 Bd4+ 21. Kg2 Qxd5+ 22. Rf3 Qxf3# 0-1


[Site "https://www.chess.com"]

[Event "Titled Tuesday Blitz March 08 Early 2022"]
[White "Rosenberg, Evan S"]
[Black "Zemerov, Vladimir"]
[WhiteFideId "2019299"]
[BlackFideId "4111583"]
[WhiteElo "2265"]
[BlackElo "2277"]
[Result "0-1"]
[Round "05"]
[TimeControl "180+1"]
[Date "2022.03.09"]
[WhiteClock "0:00:03"]
[BlackClock "0:01:13"]

1. Nf3 c5 2. b4 cxb4 3. a3 bxa3 4. e4 d6 5. Bc4 Nf6 6. Nc3 e6 7. O-O Be7 8. e5 dxe5 9. Nxe5 O-O 10. d4 a6 11. Re1 Qa5 12. Bd2 Qc7 13. Bd3 b5 14. Ne4 Nbd7 15. Qf3 Bb7 16. Nxf6+ Nxf6 17. Qh3 g6 18. Bh6 Bd6 19. Bxf8 Rxf8 20. f4 Qb6 21. c3 Qc7 22. Bb1 Rc8 23. Re3 Nd5 24. Rg3 Nxf4 25. Qh6 Ne2+ 26. Kf2 Nxg3 27. hxg3 Bxe5 28. Bxg6 fxg6 29. dxe5 Rf8+ 30. Kg1 Qxe5 31. Rxa3 Qd5 32. Ra2 Qd1+ 33. Kh2 Qh5+ 34. Qxh5 gxh5 35. Kh3 Ra8 36. Kh4 a5 37. Kxh5 a4 38. Kh6 Bd5 39. Rf2 a3 40. Rf4 a2 41. Rg4+ Kf8 42. Rf4+ Ke7 43. Rg4 a1=Q 44. Rg7+ Kd6 45. Rxh7 Qxc3 46. Rd7+ Kxd7 47. g4 Qf6+ 48. Kh5 Rh8# 0-1


[Site "https://www.chess.com"]